 Dungeon Crawl Stone Soup version 0.21.1-1-g345015f (webtiles) character file.

576 toucherabbit the Ruffian (level 7, -6/43 HPs)
             Began as a Gargoyle Berserker on Mar 19, 2018.
             Was a Priest of Trog.
             Killed by divine providence
             ... invoked by an orc priest
              (14 damage)
             ... on level 4 of the Dungeon.
             The game lasted 00:04:54 (3313 turns).

toucherabbit the Ruffian (Gargoyle Berserker)       Turns: 3313, Time: 00:04:55

Health: -6/43      AC: 12    Str: 27    XL:     7   Next: 35%
Magic:  7/7        EV: 12    Int:  7    God:    Trog [***...]
Gold:   111        SH:  0    Dex: 10    Spells: 6/6 levels left

rFire    . . .     SeeInvis .     - Unarmed
rCold    . . .     Gourm    .   (no shield)
rNeg     + . .     Faith    .   p - +0 leather armour (curse)
rPois    ∞         Spirit   .   (no helmet)
rElec    +         Reflect  .   (no cloak)
rCorr    .         Harm     .   d - +2 pair of gloves
MR       .....                  g - +0 pair of boots
Stlth    +.........             (no amulet)
HPRegen  0.14/turn              (no ring)
MPRegen  0.10/turn              (no ring)

@: mighty, berserk cooldown, slowed, very slow
A: negative energy resistance 1, electricity resistance, unbreathing,
petrification resistance, rot immunity, AC +4
a: Berserk, Trog's Hand, Burn Spellbooks, Renounce Religion


You were on level 4 of the Dungeon.
You worshipped Trog.
Trog was most pleased with you.
You were not hungry.

You visited 1 branch of the dungeon, and saw 5 of its levels.

You collected 111 gold pieces.

Inventory:

Missiles
 f - 6 javelins (quivered)
Armour
 a - a +0 animal skin
 d - a +2 pair of gloves (worn)
 g - a +0 pair of boots (worn)
 p - a cursed +0 leather armour (worn)
Scrolls
 c - 5 scrolls of identify {unknown}
 j - a scroll of magic mapping {unknown}
 k - 3 scrolls of noise {unknown}
 l - 2 scrolls of remove curse {unknown}
 m - 2 scrolls of random uselessness {unknown}
 o - a scroll of blinking {unknown}
 r - a scroll of amnesia {unknown}
Potions
 e - a potion of flight {unknown}
 h - a potion of mutation {unknown}
 n - a potion of agility {unknown}
 q - a potion of might
Comestibles
 b - 13 rations


   Skills:
 + Level 4.2 Fighting
 + Level 2.9 Armour
 + Level 3.2 Dodging
 + Level 1.0 Stealth
 + Level 6.6 Unarmed Combat


You had 6 spell levels left.
You didn't know any spells.

Dungeon Overview and Level Annotations

Branches:
Dungeon (5/15)
 Temple: D:4-7

Altars:
Qazlal
Ru
Trog


Innate Abilities, Weirdness & Mutations

You are resistant to torment.
Your stone body is resilient. (AC +4)
You are immune to poison.
You resist negative energy. (rN+)
You are resistant to electric shocks. (rElec)
You can survive without breathing.
You are immune to petrification.
You are immune to rotting.


Message History

The orc barely misses you.
You closely miss the orc priest.
The orc priest is lightly wounded.
The orc priest closely misses you. The orc hits you with a mace.
* * * LOW HITPOINT WARNING * * *
You hit the orc priest.
The orc priest is heavily wounded.
The orc priest hits you but does no damage.
The orc misses you.
The orc priest hits you with a flail of protection.
* * * LOW HITPOINT WARNING * * *
You closely miss the orc. The orc closely misses you.
The orc priest hits you with a flail of protection.
* * * LOW HITPOINT WARNING * * *
You hit the orc priest.
The orc priest is severely wounded.
The orc misses you.
The orc priest invokes the aid of Beogh against you.
Beogh smites you!
You die...

#.#...... #
#.#.##.##.#.#.......[...
#.#.#...#.#.#...........
......_.... ............
#.#.#...#.# ...........
#.#.##.##.# #..........
#.#.......# ##.......... ...
#.####.####.#...o.......
....# #...........#.##@o...#
......
######.######.##)#######....#
.........##..# #?###.......##
............## #.##....#.....
.............###..#..#..(#
..>............##.......#
.....[.##..###..........#
..#...####.###..###....##
######
..#.######......###.#.##
#....#


You could see an orc priest and an orc.

Vanquished Creatures
  An orc warrior (D:4)
  2 ogres (D:4)
  A hound (D:4)
  An orc priest (D:4)
  2 orc wizards (D:4)
  An iguana (D:4)
  A hound zombie (D:5)
  2 hound skeletons (D:4)
  5 adders
  2 adder skeletons (D:4)
  A worm (D:4)
  2 dart slugs (D:1)
  3 leopard geckos
  11 orcs
  2 bats
  2 giant cockroaches
  4 goblins
  9 hobgoblins
  2 jackals (D:1)
  4 quokkas
  2 ball pythons
  7 frilled lizards
  7 kobolds
  9 rats
83 creatures vanquished.

Notes
Turn   | Place    | Note
-------+----------+-------------------------------------------
     0 | D:1      | toucherabbit the Gargoyle Berserker began the quest for the Orb.
     0 | D:1      | Reached XP level 1. HP: 14/14 MP: 1/1
   106 | D:1      | Reached XP level 2. HP: 11/19 MP: 2/2
   645 | D:2      | Reached XP level 3. HP: 23/23 MP: 3/3
   695 | D:2      | Reached ** piety under Trog
  1032 | D:2      | Reached XP level 4. HP: 25/29 MP: 4/4
  1051 | D:2      | Found a bloodstained altar of Trog.
  1361 | D:3      | Reached skill level 4 in Unarmed Combat
  1799 | D:3      | Found a stormy altar of Qazlal.
  1806 | D:3      | Reached *** piety under Trog
  1806 | D:3      | Reached XP level 5. HP: 33/33 MP: 5/5
  2268 | D:4      | Noticed an ogre
  2478 | D:4      | Killed an ogre
  2478 | D:4      | Reached skill level 5 in Unarmed Combat
  2478 | D:4      | Reached XP level 6. HP: 30/38 MP: 6/6
  2635 | D:4      | Found a sacrificial altar of Ru.
  2671 | D:5      | Entered Level 5 of the Dungeon
  3087 | D:4      | Reached skill level 6 in Unarmed Combat
  3274 | D:4      | Noticed an orc warrior
  3276 | D:4      | Reached skill level 1 in Stealth
  3276 | D:4      | Reached XP level 7. HP: 43/43 MP: 7/7
  3313 | D:4      | Killed from afar by an orc priest

Skill      XL: |  1  2  3  4  5  6 |
---------------+-------------------+-----
Dodging        | 2 3 |  3.2
Fighting       | 4 |  4.2
Unarmed Combat | 4 5 6 |  6.6
Stealth        | 1 |  1.0
Armour         | |  2.9

Action                   |  1- 3 |  4- 6 |  7- 9 || total
-------------------------+-------+-------+-------++-------
Melee: Unarmed           |   108 |   208 |    30 ||   346
       Punch             |       |     2 |       ||     2
Invok: Berserk           |       |     1 |     1 ||     2
  Use: Potion            |       |       |     3 ||     3
 Stab: Sleeping          |       |     1 |       ||     1
  Eat: Chunk             |       |     7 |       ||     7
       Ration            |       |       |     1 ||     1
Armor: Animal skin       |    34 |    49 |       ||    83
       Leather armour    |       |    36 |    20 ||    56
Dodge: Dodged            |    57 |   149 |    22 ||   228
